 Dungeon Crawl Stone Soup version 0.28.0-53-g5a82cb258f (webtiles) character file.

Game seed: 2289717885026768368

151 issech the Chopper (level 5, -5/47 HPs)
             Began as a Minotaur Monk on May 28, 2022.
             Slain by an ogre
             ... wielding a +0 giant club
              (27 damage)
             ... on level 4 of the Dungeon.
             The game lasted 00:08:00 (3787 turns).

issech the Chopper (Minotaur Monk)                  Turns: 3787, Time: 00:08:02

Health: -5/47      AC:  8    Str: 16    XL:     5   Next: 10%
Magic:  4/4        EV:  8    Int:  7    God:
Gold:   117        SH:  0    Dex: 14    Spells: 4/4 levels left

rFire   . . .      SeeInvis +   b - +4 hand axe of Ogguefie {vorpal, Will+ SInv}
rCold   . . .      Faith    .   (no shield)
rNeg    . . .      Spirit   .   B - +0 chain mail
rPois   .          Reflect  .   (helmet restricted)
rElec   .          Harm     .   (no cloak)
rCorr   .          Rampage  .   (no gloves)
Will    +....                   (no boots)
Stlth   ..........              (no amulet)
HPRegen 0.15/turn               (no ring)
MPRegen 0.09/turn               (no ring)

@: no status effects
A: horns 2, retaliatory headbutt
a: no special abilities


You were on level 4 of the Dungeon.
You visited 1 branch of the dungeon, and saw 4 of its levels.

You collected 117 gold pieces.

Inventory:

Hand Weapons
 a - a +0 hunting sling
 b - the +4 hand axe of Ogguefie (weapon) {vorpal, Will+ SInv}
   (You found it on level 3 of the Dungeon)

   It inflicts extra damage upon your enemies.
   SInv:      It lets you see invisible.
   Will:      It increases your willpower.
 i - a +5 dagger
 j - a +0 short sword
 k - a +0 flail
 q - a +0 spear
 s - a +0 whip
Missiles
 c - 15 sling bullets
 h - 71 stones (quivered)
 l - 17 arrows
 m - 27 bolts
 D - 9 poisoned darts
Armour
 B - a +0 chain mail (worn)
Magical Staves
 g - a staff of air
Scrolls
 e - a scroll of fog {unknown}
 f - 2 scrolls of identify {unknown}
 o - a scroll of noise {unknown}
 v - a scroll of magic mapping {unknown}
 C - a scroll of enchant weapon {unknown}
Potions
 d - a potion of magic {unknown}
 n - a potion of attraction {unknown}
 x - a potion of haste {unknown}


   Skills:
 + Level 4.4 Fighting
 + Level 4.9 Axes
 + Level 0.3 Throwing
 + Level 2.6 Armour
 + Level 3.9 Dodging
 + Level 2.0 Stealth


You had 4 spell levels left.
You didn't know any spells.
Your spell library contained the following spells:

 Spells                   Type           Power      Damage    Failure   Level
 Slow                     Hex            0%         N/A       100%        1
 Confusing Touch          Hex            0%         N/A       100%        3
 Vampiric Draining        Necr           0%         2d6       100%        3
 Yara's Violent Unravell  Hex/Tmut       0%         3d3       100%        5
 Enfeeble                 Hex            0%         N/A       100%        7


Dungeon Overview and Level Annotations

Branches:
Dungeon (4/15)
 Temple: D:4-7

Altars:


Innate Abilities, Weirdness & Mutations

You have a pair of horns on your head.
You reflexively headbutt those who attack you in melee.


Message History

Robin is severely wounded.
Robin hits you with a +0 short sword.
You hit Robin. You headbutt Robin, but do no damage.
Robin is almost dead.
Robin hits you with a +0 short sword.
You hit Robin but do no damage. Your headbutt misses Robin.
Robin is almost dead.
Robin closely misses you.
You closely miss Robin.
Robin is almost dead.
Robin hits you with a +0 short sword.
You closely miss Robin. Your headbutt misses Robin.
Robin is almost dead.
Robin hits you with a +0 short sword.
You closely miss Robin.
Robin is almost dead.
Robin hits you with a +0 short sword.
You hit Robin.
You kill Robin!
Items here: )) [[.
Okay, then.
There is a stone staircase leading down, spattered with blood here.
Things that are here:
a +0 club; a goblin corpse You start resting.
HP restored.
There is a stone staircase leading down, spattered with blood here.
You climb downwards.
The ogre hits you with a +0 giant club!
There is a stone staircase leading up, spattered with blood here.
You slash the ogre! Your headbutt misses the ogre.
The ogre is heavily wounded.
The ogre hits you with a +0 giant club!
You hit the ogre.
The ogre is severely wounded.
You hit the hobgoblin. The hobgoblin barely misses you.
You furiously retaliate!
You headbutt the hobgoblin.
You kill the hobgoblin!
The ogre hits you with a +0 giant club!!
Ouch! That really hurt!
You die...

....# #...# #...# #..#
##..## ##....##
###....gg##
###...O..#..###
.......@.##g..##
........####.g.####
........###.O#g...####
......[.##..g........#
........#.#.#g#g#.#.#.#
.......##......†......#
.........#.#.#)#.#.#.#.
.......>...g.g.........
.#.#.#.#.#.#.#.#.


You could see an ogre, a hobgoblin and a goblin.

Vanquished Creatures
  Robin (D:3)
  8 gnolls
  A worm (D:2)
  2 dart slugs
  3 bats
  3 endoplasms
  A giant cockroach (D:1)
  12 goblins
  6 hobgoblins
  3 jackals (D:2)
  4 kobolds
  6 ball pythons
  2 frilled lizards
  A quokka skeleton (D:2)
  4 rats
57 creatures vanquished.

Vanquished Creatures (others)
  4 plants (D:3)
4 creatures vanquished.

Grand Total: 61 creatures vanquished

Notes
Turn   | Place    | Note
-------+----------+-------------------------------------------
     0 | D:1      | issech the Minotaur Monk began the quest for the Orb.
     0 | D:1      | Reached XP level 1. HP: 19/19 MP: 0/0
   236 | D:1      | Found a faded altar of an unknown god.
   239 | D:1      | Reached XP level 2. HP: 24/27 MP: 1/1
  1319 | D:2      | Reached XP level 3. HP: 11/33 MP: 2/2
  1820 | D:2      | Reached skill level 1 in Armour
  2193 | D:2      | Reached XP level 4. HP: 41/41 MP: 3/3
  2826 | D:3      | Identified the +4 hand axe of Ogguefie {vorpal, Will+ SInv}
  3479 | D:4      | Noticed Robin
  3480 | D:4      | Noticed an ogre
  3499 | D:3      | Reached XP level 5. HP: 31/47 MP: 4/4
  3620 | D:3      | Killed Robin
  3787 | D:4      | Slain by an ogre

Illustrated notes

Levels and vault maps discovered:
D:1:      elethiomel_arrival_maze, layout_basic, ebering_ecumenical_altar_webs
D:2:      layout_basic, kennysheep_pointless_box
D:3:      layout_basic, chequers_decorated_corner, chequers_big_river,
          nicolae_grassy_gnolls
D:4:      layout_cave_pods, grunt_temple_overflow_order_and_chaos_2,
          chequers_temple_overflow_statue_of_worship, serial_shops,
          nicolae_shop_waterfront, nicolae_shop_overgrown_old_shop,
          nicolae_inconvenience_store, minivault_19,
          hangedman_abyss_or_decor_slice, hex_large, minmay_quantized,
          uniq_robin

Skill      XL: |  1  2  3  4 |
---------------+-------------+-----
Fighting       | 4 |  4.4
Axes           | 4 |  4.9
Armour         | 1 2 |  2.6
Stealth        | 2 |  2.0
Throwing       | |  0.3
Dodging        | |  3.9

Action                   |  1- 3 |  4- 6 || total
-------------------------+-------+-------++-------
Melee: Hand axe          |    81 |    49 ||   130
       Headbutt          |    12 |     4 ||    16
       Punch             |     2 |       ||     2
Throw: Stone             |    11 |       ||    11
 Stab: Sleeping          |       |     1 ||     1
Armor: Robe              |     4 |       ||     4
       Leather armour    |     8 |     5 ||    13
       Chain mail        |       |    15 ||    15
Dodge: Dodged            |    66 |    28 ||    94
